 Dungeon Crawl Stone Soup version 0.26-a0-576-gcfaa98f945 (webtiles) character file.

Game seed: 7027009989713013144

49 Descartes the Insei (level 3, -2/18 HPs)
             Began as a Vine Stalker Transmuter on Aug 22, 2020.
             Slain by a worm (4 damage)
             ... on level 3 of the Dungeon.
             The game lasted 00:02:39 (1257 turns).

Descartes the Insei (Vine Stalker Transmuter)       Turns: 1257, Time: 00:02:39

Health: -2/18      AC:  3    Str: 13    XL:     3   Next: 75%
Magic:  0/7        EV: 12    Int: 13    God:
Gold:   40         SH:  0    Dex: 14    Spells: 4/7 levels left

rFire    . . .     SeeInvis .     - Unarmed
rCold    . . .     Faith    .   (no shield)
rNeg     . . .     Spirit   +   b - +0 leather armour
rPois    .         Reflect  .   (no helmet)
rElec    .         Harm     .   (no cloak)
rCorr    .                      (no gloves)
MR       +....                  (no boots)
Stlth    ++........             (no amulet)
HPRegen  0.06/turn              f - ring of protection from magic
MPRegen  0.10/turn              (no ring)

@: lethally poisoned (-2 -> -13)
A: fangs 2, magic shield, antimagic bite, no potion heal 3, rot immunity
a: no special abilities


You were on level 3 of the Dungeon.
You visited 1 branch of the dungeon, and saw 3 of its levels.

You collected 40 gold pieces.

Inventory:

Missiles
 a - 55 stones (quivered)
 d - 38 arrows
 m - 6 poisoned darts
Armour
 b - a +0 leather armour (worn)
Jewellery
 f - a ring of protection from magic (left hand)
Scrolls
 c - a scroll of fog {unknown}
 g - a scroll of teleportation {unknown}
 i - a scroll of remove curse {unknown}
 j - a scroll of identify {unknown}
 k - a scroll of enchant armour {unknown}
Potions
 e - a potion of curing {unknown}
 h - a potion of flight {unknown}
 l - a potion of haste {unknown}


   Skills:
 + Level 1.4 Fighting
 + Level 0.0 Armour
 + Level 1.9 Dodging
 + Level 1.6 Stealth
 + Level 3.3 Unarmed Combat
 + Level 2.5 Spellcasting
 + Level 2.3 Transmutations


You had 4 spell levels left.
You knew the following spells:

 Your Spells              Type           Power        Failure   Level
a - Beastly Appendage     Tmut           #.....       12%         1
b - Wereblood             Tmut           #.......     19%         2

Your spell library contained the following spells:

 Spells                   Type           Power        Failure   Level
 Spider Form              Tmut/Pois      #.........   50%         3
 Ice Form                 Ice/Tmut       #.......     88%         4
 Blade Hands              Tmut           #.........   97%         5


Dungeon Overview and Level Annotations

Branches:
Dungeon (2/15)

Altars:


Innate Abilities, Weirdness & Mutations

You have extremely sharp teeth.
When hurt, damage is shared between your health and your magic reserves.
Your bite disrupts and absorbs the magic of your enemies.
Potions cannot restore your health.
You are immune to rotting.


Message History

The worm is lightly wounded.
The worm barely misses you.
You hit the worm but do no damage. You bite the worm. You drain its power.
You feel invigorated.
The worm is lightly wounded.
You hit the worm but do no damage. Your bite misses the worm.
The worm is lightly wounded.
The adder bites you.
* * * LOW HITPOINT WARNING * * *
You are poisoned.
The adder poisons you! The worm bites you.
* * * LOW HITPOINT WARNING * * *
You closely miss the adder.
* * * LOW HITPOINT WARNING * * *
You feel sick. The adder bites you but does no damage. The adder bites you.
* * * LOW HITPOINT WARNING * * *
You are more poisoned.
The adder poisons you!
You barely miss the adder. Your bite misses the adder. The worm bites you.
You die...

# ###K...#!.....$ #.
#go...K##...S.#
###.######.##o.#'##..r#
.?...[....w#####..###'#+
...#......## #....##..#
......rSK.# #....rS...
..#####o### ##..##....
#w# ######..# #@# ####
#S# #...# ..S...#
[..#....# >....##.# ....
#.. .... ##. .... .


You could see a worm, 2 adders, an orc, a kobold and a rat.

Vanquished Creatures
  4 dart slugs (D:1)
  2 leopard geckos (D:1)
  A ball python (D:1)
  2 giant cockroaches (D:1)
  8 goblins
  2 hobgoblins (D:1)
  A jackal (D:1)
  5 kobolds (D:1)
  4 bats
  4 frilled lizards (D:1)
  4 rats (D:1)
37 creatures vanquished.

Vanquished Creatures (others)
  2 plants (D:3)
2 creatures vanquished.

Grand Total: 39 creatures vanquished

Notes
Turn   | Place    | Note
-------+----------+-------------------------------------------
     0 | D:1      | Descartes the Vine Stalker Transmuter began the quest for
                  | the Orb.
     0 | D:1      | Reached XP level 1. HP: 9/9 MP: 4/4
    30 | D:1      | Reached skill level 1 in Fighting
    75 | D:1      | Reached XP level 2. HP: 14/14 MP: 6/6
   231 | D:1      | Reached skill level 1 in Stealth
   405 | D:1      | Reached XP level 3. HP: 18/18 MP: 5/7
  1000 | D:1      | Learned a level 2 spell: Wereblood
  1217 | D:2      | You fall into a shaft and drop 1 floor!
  1257 | D:3      | Slain by a worm

Illustrated notes

Levels and vault maps discovered:
D:1:      dpeg_arrival_boxes_within_box, layout_basic,
          chequers_decorated_corner, minmay_box_of_dots
D:2:      layout_basic, lemuel_round_altar, grunt_dithmenos_smoke_and_mirrors,
          nrook_mini_backslash
D:3:      minmay_bubble_buster, layout_rooms, fedhas_ov_isle_minmay,
          nicolae_overflow_crystal_walls, tso_metal_star,
          eat_drink_and_be_merry_uskayaw, chequers_ecumenical_altar_island,
          amethyst_killhole, uniq_ijyb, uniq_purgy

Skill      XL: |  1  2 |
---------------+-------+-----
Fighting       | 1 |  1.4
Stealth        | 1 |  1.6
Dodging        | |  1.9
Unarmed Combat | |  3.3
Spellcasting   | |  2.5
Transmutations | |  2.3

Action                   || total
-------------------------++-------
Melee: Unarmed           ||   117
       Bite              ||    24
       Punch             ||     2
 Stab: Sleeping          ||     2
Armor: Leather armour    ||    34
Dodge: Dodged            ||    83

Table legend: (Time is in decaauts)
 A = Elapsed time spent in this place.
 B = Non-inter-level travel time spent in this place.
 C = Inter-level travel time spent in this place.
 D = Time resting spent in this place.
 E = Time spent auto-exploring this place.
 F = Levels seen in this place.
 G = Mean time per level.
                   A        B        C        D        E       F      G
               +--------+--------+--------+--------+--------+-----+--------+
         Total |   1249 |   1236 |     13 |      0 |    988 |   3 |  416.3 |
       Dungeon |   1249 |   1236 |     13 |      0 |    988 |   3 |  416.3 |
               +--------+--------+--------+--------+--------+-----+--------+

Top non-repeatable levels by time:
     D:1: 1183 daAuts
     D:3: 39 daAuts
     D:2: 26 daAuts
